 Dungeon Crawl Stone Soup version 0.19.5 (webtiles) character file.

25854 tognito the Cleaver (level 12, -3/159 HPs)
             Began as a Minotaur Berserker on Apr 27, 2017.
             Was a High Priest of Trog.
             Slain by a tengu reaver
             ... wielding a +0 war axe
              (13 damage)
             ... on level 13 of the Dungeon.
             The game lasted 00:36:32 (13488 turns).

tognito the Cleaver (Minotaur Berserker)           Turns: 13488, Time: 00:36:32

Health: -3/159     AC: 18    Str: 33    XL:     12   Next: 93%
Magic:  11/11      EV: 13    Int:  6    God:    Trog [*****.]
Gold:   589        SH:  4    Dex:  9    Spells: 0 memorised, 11 levels left

rFire  . . .     SeeInvis .     a - +1 battleaxe (chop)
rCold  . . .     Gourm    .     B - +0 plate armour
rNeg   . . .     Faith    .     (shield currently unavailable)
rPois  +         Spirit   .     (helmet restricted)
rElec  .         Reflect  +     m - +0 cloak
rCorr  .         Harm     .     (no gloves)
MR     .....                    U - +0 pair of boots
Stlth  ..........               y - +4 amulet of reflection
                                t - +1 ring of evasion
                                C - +1 ring of slaying

@: berserking, very quick
A: retaliatory headbutt, horns 2, clever 1, frail 1, poison resistance
a: Berserk, Trog's Hand, Brothers in Arms, Burn Spellbooks, Renounce Religion


You were on level 13 of the Dungeon.
You worshipped Trog.
Trog was extremely pleased with you.
You were very hungry.

You visited 1 branch of the dungeon, and saw 13 of its levels.
You also visited: Ossuary.

You collected 772 gold pieces.
You spent 183 gold pieces at shops.

Inventory:

Hand Weapons
 a - a +1 battleaxe of chopping (weapon)
 b - a +0 arbalest of flaming
Missiles
 g - 51 bolts
Armour
 m - a +0 cloak (worn)
 B - a +0 plate armour (worn)
 U - a +0 pair of boots (worn)
Jewellery
 f - an uncursed ring of fire
 t - a +1 ring of evasion (right hand)
 y - a +4 amulet of reflection (around neck)
 C - a +1 ring of slaying (left hand)
 D - an uncursed amulet of the gourmand
 N - an uncursed ring of fire
Wands
 k - a wand of iceblast (6/15)
 o - a wand of polymorph (10/24)
 s - a wand of hasting (2/9)
 G - a wand of paralysis (20/24)
 I - a wand of lightning (4/15)
 K - a wand of flame (26/48)
 L - a wand of disintegration (9/24)
 O - a wand of paralysis (12/24)
 P - a wand of digging (14/24)
 Q - a wand of polymorph (13/24)
Scrolls
 d - 10 scrolls of identify
 e - 7 scrolls of teleportation {unknown}
 h - 10 scrolls of remove curse
 j - 4 scrolls of enchant weapon {unknown}
 u - 2 scrolls of magic mapping {unknown}
 v - a scroll of noise {unknown}
 A - 3 scrolls of fear {unknown}
 E - 3 scrolls of amnesia {unknown}
 F - 4 scrolls of random uselessness {unknown}
 H - a scroll of enchant armour {unknown}
 M - a scroll of blinking {unknown}
 T - a scroll of torment {unknown}
Potions
 n - 4 potions of agility
 p - 3 potions of curing
 w - 6 potions of flight
 x - a potion of mutation
 J - 2 potions of haste
 S - a potion of heal wounds
Comestibles
 c - 8 bread rations
 i - 3 royal jellies
 l - 30 fruits
 q - 8 meat rations
 r - 2 beef jerkies
 R - 2 slices of pizza


   Skills:
 * Level 14.9 Fighting
 * Level 14.9 Axes
 + Level 11.0 Armour
 + Level 10.2 Dodging


You had 11 spell levels left.
You didn't know any spells.

Dungeon Overview and Level Annotations

Branches:
Dungeon (13/15)            Temple (0/1) D:4            Lair (0/6) D:10
    Orc (0/2) D:9
 Vaults: D:13-14

Altars:
Cheibriados
Dithmenos
Gozag
Makhleb
Xom
Zin

Shops:
D:4 =}   D:5 }   D:12 *


Innate Abilities, Weirdness & Mutations

You reflexively headbutt those who attack you in melee.
You have a pair of horns on your head.
Your mind is acute. (Int +2)
You are frail. (-10% HP)
Your system is resistant to poisons. (rPois)


Message History

You hit the sphinx.
The sphinx is lightly wounded.
A death knight comes into view. It is wielding a halberd of flaming.
You slice the sphinx!! You headbutt the sphinx.
The sphinx is heavily wounded.
The sphinx hits you but does no damage. You block the sphinx's attack.
The sphinx hits you but does no damage.
You slice the sphinx!! You headbutt the sphinx!
The sphinx is almost dead.
The sphinx barely misses you. You furiously retaliate!
You headbutt the sphinx!
You kill the sphinx!
Trog accepts your kill.
Trog appreciates your killing of a magic user.
Your Armour skill increases to level 11!
The tengu reaver blocks your attack. x2
You carve the tengu reaver like a turkey!!!
Your headbutt misses the tengu reaver.
The tengu reaver is severely wounded.
The tengu reaver hits you with a war axe!
You die...

.###.####..##...(...# #.......##
.........# #)###.....##.....###.#
##.#.###....#..###...##...###))#.
.†.#.# #.#..#.#..##..##..##.)#.#.
####.# ....##.#..###..###..#.##.
# #.# #.#.. #..#...####...#..#..
# #..... ##..#.#. #.#.#..##.. #
#..#... ##..## [) ##..##... # #.
.... #@## . ##. .... ... ##Q# .
#...# ...


#pD .### !..# ## .#.. # #. .. #$ # ## You could see a tengu reaver, a death
knight and a six-headed hydra.

Vanquished Creatures
  A sphinx (D:13)
  A storm dragon (D:13)
  An ettin (D:13)
  3 centaur warriors (D:13)
  The ghost of miragecloak the Basher, a novice HOMo of Qazlal (D:8)
  An unseen horror (D:10)
  A deep elf archer (D:13)
  2 hill giants
  An ugly thing (D:12)
  2 cyclopes
  3 tengu conjurers
  2 trolls
  A hornet (D:11)
  A two-headed ogre (D:10)
  Prince Ribbit (D:7)
  5 slime creatures (D:12)
  5 hippogriffs
  A wyvern (D:11)
  Sigmund (D:2)
  A wraith (D:13)
  Eustachio (D:6)
  A basilisk (D:13)
  14 yaks
  A steam dragon (D:11)
  Grum (D:8)
  A hungry ghost (D:9)
  A mottled dragon (D:11)
  4 vampire mosquitoes
  Menkaure (D:7)
  A porcupine (D:10)
  A water moccasin (D:6)
  5 orc warriors
  3 phantoms
  A sky beast (D:12)
  6 ice beasts
  A necrophage (D:5)
  11 centaurs
  6 ogres
  The ghost of miragecloak the Cudgeler, an amateur FoAK of Lugonu (D:4)
  2 wolves (D:8)
  3 crocodiles (D:10)
  5 big kobolds
  7 bullfrogs
  2 scorpions
  A wyvern skeleton (D:8)
  5 wights (D:9)
  6 killer bees
  A troll zombie (D:9)
  2 howler monkeys (D:12)
  5 crimson imps
  5 centaur zombies
  A bullfrog zombie (D:7)
  3 human zombies (Ossuary)
  3 hounds
  3 quasits
  9 orc priests
  2 jellies
  13 orc wizards
  2 bullfrog skeletons
  2 centaur skeletons
  Terence (D:2)
  Ijyb (D:2)
  2 iguanas (D:8)
  9 worker ants
  A big kobold zombie (Ossuary)
  5 ogre zombies (D:9)
  3 hound zombies
  2 mummies (Ossuary)
  A howler monkey zombie (D:8)
  Robin (D:4)
  A worker ant zombie (D:7)
  A gnoll (D:1)
  A howler monkey skeleton (D:7)
  20 adders
  2 river rats (D:10)
  3 shadow imps
  2 oozes
  5 adder skeletons
  3 worms
  3 dart slugs
  3 leopard geckos
  54 orcs
  2 ball pythons
  8 giant cockroaches
  21 goblins
  7 hobgoblins
  19 jackals
  6 quokkas
  6 bats
  8 frilled lizards
  A goblin skeleton (D:9)
  3 goblin zombies
  2 hobgoblin skeletons (D:9)
  11 hobgoblin zombies
  A jackal zombie (Ossuary)
  23 kobolds
  4 kobold zombies (Ossuary)
  2 orc skeletons (D:9)
  24 orc zombies
  A quokka zombie (D:6)
  10 rats
461 creatures vanquished.

Vanquished Creatures (collateral kills)
  A tengu warrior (D:11)
  A gargoyle (D:11)
  4 yaks (D:10)
  A porcupine (D:10)
  A crocodile (D:10)
  A crimson imp (D:10)
  A worker ant (D:11)
  2 river rats (D:10)
  2 orcs
  2 goblins (D:8)
  6 kobolds (D:7)
  A rat (D:10)
23 creatures vanquished.

Vanquished Creatures (others)
  A centaur (D:11)
  An orc wizard (D:11)
2 creatures vanquished.

Grand Total: 486 creatures vanquished

Notes
Turn   | Place    | Note
-------+----------+-------------------------------------------
     0 | D:1      | tognito the Minotaur Berserker began the quest for the Orb.
     0 | D:1      | Reached XP level 1. HP: 19/19 MP: 0/0
   212 | D:1      | Reached XP level 2. HP: 27/27 MP: 1/1
   568 | D:1      | Reached XP level 3. HP: 33/33 MP: 2/2
   587 | D:1      | Reached ** piety under Trog
   882 | D:2      | Noticed Ijyb
   895 | D:2      | Killed Ijyb
   895 | D:2      | Reached XP level 4. HP: 31/41 MP: 3/3
  1084 | D:2      | Reached skill level 5 in Axes
  1338 | D:2      | Found a faded altar of an unknown god.
  1360 | D:2      | Noticed Sigmund
  1370 | D:2      | Killed Sigmund
  1370 | D:2      | Reached skill level 5 in Fighting
  1370 | D:2      | Reached XP level 5. HP: 20/48 MP: 4/4
  1774 | D:2      | Noticed Terence
  1787 | D:2      | Killed Terence
  1787 | D:2      | Reached XP level 6. HP: 46/56 MP: 5/5
  2493 | D:3      | Reached *** piety under Trog
  2908 | D:4      | Found Ismua's Jewellery Emporium.
  2940 | D:4      | Noticed Robin
  2952 | D:4      | Killed Robin
  2998 | D:4      | You fall through a shaft!
  2998 | D:5      | Entered Level 5 of the Dungeon
  3321 | D:5      | Reached XP level 7. HP: 42/63 MP: 6/6
  3371 | D:4      | Found an opulent altar of Gozag.
  3447 | D:5      | Reached **** piety under Trog
  3562 | D:5      | Found a burning altar of Makhleb.
  3654 | D:5      | Found Tuiqo's Quality Used Wands.
  4059 | D:4      | Found Naretul's Gadget Shop.
  4123 | D:4      | Found a staircase to the Ecumenical Temple.
  4159 | D:4      | Noticed miragecloak's ghost (amateur FoAK)
  4168 | D:4      | Killed miragecloak's ghost
  4365 | D:4      | Reached XP level 8. HP: 73/73 MP: 7/7
  4612 | D:5      | Reached skill level 5 in Armour
  4723 | D:5      | Found a glowing silver altar of Zin.
  4723 | D:5      | Noticed an angel
  5178 | D:6      | Reached skill level 5 in Dodging
  5240 | D:6      | Gained mutation: Your system is resistant to poisons. (rPois) [potion of mutation]
  5240 | D:6      | Gained mutation: Your mind is acute. (Int +2) [potion of mutation]
  5240 | D:6      | Gained mutation: You are frail. (-10% HP) [potion of mutation]
  5573 | D:6      | Noticed Eustachio
  5580 | D:6      | Killed Eustachio
  5776 | D:6      | Reached XP level 9. HP: 37/72 MP: 8/8
  6096 | D:7      | Noticed Prince Ribbit
  6131 | D:7      | Found a sand-covered staircase.
  6138 | Ossuary  | Entered an ossuary
  6195 | Ossuary  | Reached ***** piety under Trog
  6549 | D:7      | Killed Prince Ribbit
  6551 | D:7      | Reached skill level 10 in Axes
  7102 | D:7      | Noticed Menkaure
  7111 | D:7      | Killed Menkaure
  7292 | D:8      | Reached skill level 10 in Fighting
  7423 | D:8      | Noticed Grum
  7440 | D:8      | Killed Grum
  7476 | D:8      | Found a snail-covered altar of Cheibriados.
  7517 | D:8      | Reached XP level 10. HP: 83/83 MP: 9/9
  7627 | D:8      | Noticed miragecloak's ghost (novice HOMo)
  7642 | D:8      | Killed miragecloak's ghost
  7642 | D:8      | Received a gift from Trog
  8373 | D:9      | Found a staircase to the Orcish Mines.
  8576 | D:9      | Received a gift from Trog
  8776 | D:9      | Found a shimmering altar of Xom.
  8908 | D:9      | Found a burning altar of Makhleb.
  9329 | D:10     | Entered Level 10 of the Dungeon
  9580 | D:10     | Found a staircase to the Lair.
  9587 | D:10     | Reached XP level 11. HP: 73/92 MP: 10/10
  9991 | D:10     | Killed an unseen horror
 10512 | D:11     | Received a gift from Trog
 10716 | D:11     | Noticed a hill giant
 10721 | D:11     | Killed a hill giant
 10853 | D:11     | Noticed a tengu warrior
 10862 | D:11     | Killed a tengu warrior
 12151 | D:12     | Found a shadowy altar of Dithmenos.
 12263 | D:12     | Reached XP level 12. HP: 103/103 MP: 11/11
 12306 | D:12     | Reached skill level 10 in Armour
 12417 | D:12     | Found Ejut Eru Peh's General Store.
 12425 | D:12     | Bought a +1 battleaxe of chopping for 183 gold pieces
 12996 | D:13     | Noticed a centaur warrior
 13000 | D:13     | Killed a centaur warrior
 13006 | D:13     | Received a gift from Trog
 13033 | D:13     | Noticed a centaur warrior
 13040 | D:13     | Killed a centaur warrior
 13327 | D:13     | Noticed a centaur warrior
 13331 | D:13     | Killed a centaur warrior
 13471 | D:13     | Noticed a storm dragon
 13471 | D:13     | Noticed a tengu reaver
 13472 | D:13     | Noticed an ettin
 13473 | D:13     | Noticed a sphinx
 13476 | D:13     | Killed an ettin
 13482 | D:13     | Noticed a six-headed hydra
 13483 | D:13     | Killed a storm dragon
 13483 | D:13     | Reached skill level 10 in Dodging
 13485 | D:13     | Noticed a death knight
 13486 | D:13     | Killed a sphinx
 13488 | D:13     | Slain by a tengu reaver

Skill      XL: |  1  2  3  4  5  6  7  8  9 10 11 12 |
---------------+-------------------------------------+-----
Axes           | 4 5 6 7 9 10 12 13 14 | 14.9
Fighting       | 4 5 6 7 8 10 11 13 14 | 14.9
Armour         | 3 4 6 7 8 9 11 | 11.0
Dodging        | 3 4 5 6 8 9 10 | 10.2

Action                   |  1- 3 |  4- 6 |  7- 9 | 10-12 || total
-------------------------+-------+-------+-------+-------++-------
Melee: Hand axe          |    64 |    80 |       |       ||   144
       Headbutt          |    13 |    14 |    76 |   104 ||   207
       War axe           |       |    38 |   340 |   418 ||   796
       Battleaxe         |       |       |       |    64 ||    64
 Fire: Shortbow          |       |       |    37 |   192 ||   229
       Arbalest          |       |       |       |    37 ||    37
Invok: Berserk           |       |     2 |     1 |     2 ||     5
       Trog's Hand       |       |       |     2 |     2 ||     4
       Brothers in Arms  |       |       |     2 |     3 ||     5
       Burn Spellbooks   |       |       |     1 |     1 ||     2
  Use: Potion            |       |     6 |     4 |     5 ||    15
       Scroll            |       |       |     3 |     3 ||     6
 Stab: Sleeping          |     1 |     1 |       |       ||     2
       Distracted        |       |     1 |       |       ||     1
       Invisible         |       |       |       |     1 ||     1
  Eat: Chunk             |       |     9 |    16 |    21 ||    46
       Fruit             |       |       |     1 |     3 ||     4
Armor: Animal skin       |    15 |    16 |       |       ||    31
       Chain mail        |       |       |    52 |       ||    52
       Ring mail         |       |       |    15 |       ||    15
       Plate armour      |       |       |   100 |   330 ||   430
Dodge: Dodged            |    31 |    78 |   171 |   269 ||   549
Block: Other             |       |       |    38 |   104 ||   142
       Reflection        |       |       |     5 |     9 ||    14
